 Dungeon Crawl Stone Soup version 0.24.0-37-gcf1ca852f1 (webtiles) character file.

Game seed: 8644137463883446826, levelgen mode: deterministic

2081 Kobolds4U the Slicer (level 9, -11/74 (75) HPs)
             Began as a Green Draconian Conjurer on Nov 24, 2019.
             Mangled by a crocodile (13 damage)
             ... on level 7 of the Dungeon.
             The game lasted 00:17:59 (8503 turns).

Kobolds4U the Slicer (Green Draconian Conjurer)     Turns: 8503, Time: 00:18:00

HP:   -11/74 (75)   AC:  9    Str: 12    XL:     9   Next: 6%
MP:   3/16          EV: 11    Int: 17    God:
Gold: 300           SH:  3    Dex: 12    Spells: 12/18 levels left

rFire    . . .     SeeInvis .   a - +2 short sword (flame)
rCold    . . .     Gourm    .   r - +0 buckler
rNeg     . . .     Faith    .   (armour unavailable)
rPois    +         Spirit   .   (helmet restricted)
rElec    .         Reflect  .   o - +0 cloak
rCorr    .         Harm     .   (no gloves)
MR       .....                  l - +0 pair of boots
Stlth    ++........             w - amulet of regeneration
HPRegen  0.62/turn              (no ring)
MPRegen  0.15/turn              (no ring)

@: very slightly contaminated
A: breathe noxious fumes, unfitting armour, poison resistance, cold-blooded, AC
+7
a: Breathe Noxious Fumes


You were on level 7 of the Dungeon.
You were not hungry.

You visited 2 branches of the dungeon, and saw 9 of its levels.

You collected 300 gold pieces.

Inventory:

Hand Weapons
 a - a +2 short sword of flaming (weapon)
 d - a +1 dagger of venom
Missiles
 q - 2 boomerangs of dispersal (quivered)
Armour
 l - a +0 pair of boots (worn)
 o - a +0 cloak (worn)
 r - a +0 buckler (worn)
Jewellery
 w - an amulet of regeneration (around neck)
 E - a cursed ring of stealth {unknown}
Wands
 p - a wand of random effects (13)
 y - a wand of iceblast (5)
 F - a wand of flame (24)
Scrolls
 f - 2 scrolls of amnesia {unknown}
 j - 3 scrolls of remove curse
 k - 2 scrolls of magic mapping {unknown}
 n - 4 scrolls of identify
 s - a scroll of noise {unknown}
 t - a scroll of fear {unknown}
 v - a scroll of enchant weapon {unknown}
 A - a scroll of teleportation {unknown}
 B - a scroll of enchant armour {unknown}
 C - 2 scrolls of blinking {unknown}
 D - a scroll of fog {unknown}
Potions
 c - 2 potions of agility {unknown}
 e - a potion of ambrosia {unknown}
 g - 4 potions of curing
 h - a potion of lignification {unknown}
 i - a potion of haste {unknown}
 m - 3 potions of heal wounds {unknown}
 u - 2 potions of mutation {unknown}
 x - 2 potions of flight {unknown}
 z - a potion of berserk rage {unknown}
Comestibles
 b - 5 rations
 G - 4 chunks of flesh


   Skills:
 - Level 6.2 Fighting
 + Level 8.8 Short Blades
 - Level 1.7 Dodging
 - Level 1.7 Stealth
 + Level 5.2 Spellcasting
 - Level 4.0 Conjurations


You had 12 spell levels left.
You knew the following spells:

 Your Spells              Type           Power        Failure   Level  Hunger
a - Magic Dart            Conj           ###.         4%          1    None
b - Searing Ray           Conj           ###...       7%          2    #......
c - Dazzling Spray        Conj/Hex       ##....       30%         3    ###....

Your spell library contained the following spells:

 Spells                   Type           Power        Failure   Level  Hunger
 Iskenderun's Mystic Bla  Conj           ###.....     41%         4    ####...
 Force Lance              Conj/Tloc      ##......     69%         4    ####...
 Fulminant Prism          Conj/Hex       ##........   69%         4    ####...


Dungeon Overview and Level Annotations

Branches:
Dungeon (8/15)             Temple (1/1) D:6
   Lair: D:8-11

Altars:
Ashenzari
Cheibriados
Dithmenos
Elyvilon
Fedhas
Gozag
Hepliaklqana
Kikubaaqudgha
Makhleb
Nemelex Xobeh
Okawaru
Ru
Trog
Uskayaw
Wu Jian
Xom
The Shining One

Annotations:
D:5 2 runed translucent doors, ciphuk's ghost, novice OpFi


Innate Abilities, Weirdness & Mutations

You can breathe blasts of noxious fumes.
Your lurid green scales are hard. (AC +7)
You cannot fit into any form of body armour.
Your system is resistant to poisons. (rPois)
You are cold-blooded and may be slowed by cold attacks.


Message History

The searing ray hits the bullfrog.
You kill the bullfrog! (Press . to maintain the ray.)
The searing ray hits the crocodile.
The crocodile is heavily wounded.
The crocodile bites you!
* * * LOW HITPOINT WARNING * * *
The searing ray hits the crocodile.
The crocodile is heavily wounded.
The crocodile bites you!
* * * LOW HITPOINT WARNING * * *
Unknown command.
You see here a hippogriff skeleton.
There is a stone staircase leading up here.
The crocodile bites you!
* * * LOW HITPOINT WARNING * * *
You climb upwards.
There is a stone staircase leading down here.
The crocodile bites you!
You die...

.# #.# #.#########.## ##...##
.###.###.##.........# ##.....##
.........##.####.#..###.......##
.........##.###.....##.........##
.....................'.........'.
....###..##.###...#.##.........##
.#..###..##.# #..##.###.......##
.........##.###t###.# ##.....##
.........##....>@...# ##...##
###.###########.##########'## #.#
#.##......##.# #.# #.##.####.##.#
###.# #...<.###.##.## ....#
###.....#.#...## #####
#...#.#......# ## #...#.#.#...##
#. #.......##.#####.


You could see a crocodile.

Vanquished Creatures
  2 hippogriffs
  Menkaure (D:4)
  A sky beast (D:5)
  An ice beast (D:6)
  A necrophage (D:6)
  2 ogres
  A black bear (D:6)
  A phantom (D:5)
  2 bullfrogs
  3 scorpions
  2 howler monkeys (D:6)
  A hound (D:6)
  2 bullfrog zombies
  A centaur skeleton (D:6)
  2 orc priests (D:4)
  2 bullfrog skeletons
  3 jellies (D:6)
  Ijyb (D:3)
  3 iguanas
  2 worker ants
  A hound skeleton (D:6)
  A worker ant zombie (D:7)
  4 adders
  A howler monkey skeleton (D:4)
  An ooze (D:5)
  A worm (D:2)
  2 dart slugs (D:1)
  5 leopard geckos
  11 orcs
  3 ball pythons
  4 bats
  11 giant cockroaches
  7 goblins
  7 hobgoblins
  13 jackals
  5 kobolds
  2 quokkas
  2 frilled lizards
  A leopard gecko skeleton (D:6)
  4 rats
120 creatures vanquished.

Notes
Turn   | Place    | Note
-------+----------+-------------------------------------------
     0 | D:1      | Kobolds4U the Draconian Conjurer began the quest for the
                  | Orb.
     0 | D:1      | Reached XP level 1. HP: 14/14 MP: 3/3
   248 | D:1      | Reached XP level 2. HP: 20/20 MP: 3/5
   352 | D:1      | Learned a level 2 spell: Searing Ray
   389 | D:1      | Reached skill level 1 in Short Blades
  1127 | D:2      | Reached XP level 3. HP: 26/26 MP: 0/7
  1235 | D:2      | Reached skill level 2 in Short Blades
  1903 | D:2      | Found an ornate altar of the Wu Jian Council.
  1939 | D:2      | Reached XP level 4. HP: 33/33 MP: 5/8
  2278 | D:2      | Found a snail-covered altar of Cheibriados.
  3048 | D:3      | Found a shimmering altar of Xom.
  3127 | D:3      | Noticed Ijyb
  3154 | D:3      | Killed Ijyb
  3154 | D:3      | Reached skill level 3 in Short Blades
  3248 | D:3      | Found an ancient bone altar of Kikubaaqudgha.
  3637 | D:3      | Learned a level 3 spell: Dazzling Spray
  3894 | D:4      | Reached XP level 5. HP: 38/38 MP: 3/10
  4265 | D:4      | Found an opulent altar of Gozag.
  4267 | D:4      | Noticed Menkaure
  4427 | D:4      | Reached skill level 4 in Short Blades
  4533 | D:4      | Reached XP level 6. HP: 45/45 MP: 4/11
  4758 | D:4      | Killed Menkaure
  4758 | D:4      | Reached skill level 5 in Short Blades
  5292 | D:5      | Entered Level 5 of the Dungeon
  5318 | D:5      | Noticed a sky beast
  5335 | D:5      | Killed a sky beast
  5602 | D:5      | Reached skill level 1 in Fighting
  5602 | D:5      | Your scales start taking on a lurid green colour.
  5602 | D:5      | Reached XP level 7. HP: 42/52 MP: 9/13
  5602 | D:5      | Gained mutation: Your system is resistant to poisons.
                  | (rPois) [Green Draconian growth]
  5619 | D:5      | Reached skill level 6 in Short Blades
  5845 | D:5      | Found a glowing golden altar of the Shining One.
  5869 | D:5      | Found a large runed translucent door.
  5869 | D:5      | Found a large runed translucent door.
  5872 | D:5      | Noticed ciphuk's ghost (novice OpFi)
  6719 | D:6      | Found a shimmering altar of Xom.
  6830 | D:6      | Reached skill level 7 in Short Blades
  6830 | D:6      | Reached XP level 8. HP: 67/67 MP: 14/14
  7141 | D:6      | Reached skill level 5 in Fighting
  7236 | D:6      | Found a staircase to the Ecumenical Temple.
  7256 | Temple   | Entered the Ecumenical Temple
  7459 | D:6      | Found a burning altar of Makhleb.
  7573 | D:7      | Noticed a hippogriff
  7583 | D:7      | Killed a hippogriff
  7583 | D:7      | Reached skill level 8 in Short Blades
  7662 | D:7      | Found a hazy altar of Hepliaklqana.
  8337 | D:8      | Noticed a hippogriff
  8365 | D:8      | Killed a hippogriff
  8365 | D:8      | Reached skill level 5 in Spellcasting
  8365 | D:8      | Reached XP level 9. HP: 53/74 MP: 4/16
  8489 | D:8      | HP: 1/74 [crocodile (8)]
  8501 | D:8      | HP: 1/74 [crocodile (8)]
  8503 | D:7      | Mangled by a crocodile

Levels and vault maps discovered:
D:1:      nicolae_arrival_washed_ashore, layout_loops_corners
D:2:      minmay_wonky_spiral, layout_basic, cheibriados_altar_1,
          lemuel_doored_altar, first_ration, serial_co_window_serial,
          co_window_paths_b, co_window_cross_1, co_window_paths_b,
          co_window_paths_a, co_window_paths_a, co_window_unsneaky_path_a,
          co_window_corner_b, co_window_corner_cb, co_window_unsneaky_path_c,
          co_window_unsneaky_path_a, co_window_4corner_b, co_window_paths_d,
          glass_columns_a, glass_columns_a, glass_columns_a, glass_columns_c,
          glass_columns_b, minivault_26, st_stairs_14, minmay_misc_feat_rows
D:3:      layout_loops_corners, xom_teletrap_fun, kiku_gazebo_pond_becter,
          uniq_ijyb
D:4:      layout_layer_cave, nicolae_gozag_seed_capital, uniq_menkaure
D:5:      layout_basic, overflow_temple_1_default, ebering_ghost_disaster_area
D:6:      layout_loops_cross, minmay_temple_entry_grid, basic_altar,
          makhleb_blood_cavern_becter
D:7:      layout_loops_corners, lemuel_crystal_altar, hangedman_decor_lopped
D:8:      layout_gridville, kennysheep_mini_moat,
          chequers_temple_overflow_minitemple, grunt_lair_entry_orc_guard_hut,
          basic_altar, blue_anna_alchemist [blue_anna_fruit_fields,
          blue_anna_fruit_fields], zaba_anthell
Temple:   nicolae_temple_figure_zero

Skill      XL: |  1  2  3  4  5  6  7  8 |
---------------+-------------------------+-----
Short Blades   | 1 2 3 4 5 7 8 |  8.8
Spellcasting   | 3 4 5 |  5.2
Fighting       | 1 4 6 |  6.2
Dodging        | |  1.7
Stealth        | |  1.7
Conjurations   | |  4.0

Action                   |  1- 3 |  4- 6 |  7- 9 || total
-------------------------+-------+-------+-------++-------
Melee: Short sword       |    33 |    92 |   184 ||   309
       Tailslap          |     2 |     7 |    22 ||    31
       Dagger            |       |       |     2 ||     2
 Cast: Magic Dart        |    72 |    65 |    49 ||   186
       Searing Ray       |     2 |     6 |     5 ||    13
       Dazzling Spray    |       |     1 |     7 ||     8
 Abil: Breathe Noxious F |       |       |     2 ||     2
  Use: Scroll            |       |     2 |     1 ||     3
 Stab: Sleeping          |       |     1 |     1 ||     2
       Confused          |       |       |     1 ||     1
       Invisible         |       |       |     1 ||     1
  Eat: Chunk             |     3 |     9 |     7 ||    19
       Ration            |       |     1 |     1 ||     2
Armor: Skin              |    12 |    31 |    67 ||   110
Dodge: Dodged            |    27 |    46 |    95 ||   168
Block: Buckler           |       |     7 |    27 ||    34
